AoeStats
← tbzachary

Migration

503887641Analyzed
1v1 RM · 1mo ago on Sep 2, 2026· 32m 16s· 2 players
Game mode
Random Map
Map size
132×132
Population
200
Speed
Normal
Resources
Standard
Victory
Conquest
Starting age
Dark Age
Ending age
Imperial Age
RankedLock teamsTeams togetherTeam positionsShared explorationLock speedFull tech treeHidden civsTurbo modeCheats
Victory
Defeat
🇺🇸 Huns · United States
729
+17
🇦🇷 Franks · Argentina
744
-17
tbzachary
11:47 Feudal Age
12:14 Double-Bit Axe
13:11 Fishing Lines
14:47 Horse Collar
15:16 Gold Mining
17:58 Castle Age
17:49 Loom
18:44 Stone Mining
19:29 Gold Shaft Mining
20:55 Husbandry
21:06 Bloodlines
22:52 Pikeman
23:33 Squires
25:35 Wheelbarrow
24:47 Town Watch
26:25 Marauders
26:48 Town Patrol
27:05 Hand Cart
26:54 Town Patrol
29:54 Ballistics
29:31 Murder Holes
30:23 Scale Barding Armor
30:29 Forging
30:41 Heavy Plow
30:54 Bow Saw
l.santabaya94
11:54 Feudal Age
12:32 Double-Bit Axe
20:31 Fletching
22:44 Forging
25:00 Castle Age
27:25 Husbandry
28:03 Iron Casting
30:37 Bodkin Arrow
32:23 Padded Archer Armor
Connection lost

Rejoining the realm…

Still unreachable

The connection could not be restored.

Session expired

The server has moved on; the page needs a fresh start.